 Dungeon Crawl Stone Soup version 0.19.0-23-gf02e663 (webtiles) character file.

103341 JeffiDaFish the Peltast (level 16, -14/105 HPs)
             Began as a Gargoyle Fighter on Nov 19, 2016.
             Was the Champion of Makhleb.
             Killed by divine providence
             ... invoked by an orc priest
              (17 damage)
             ... on level 2 of the Orcish Mines.
             The game lasted 01:10:53 (23425 turns).

JeffiDaFish the Peltast (Gargoyle Fighter)         Turns: 23425, Time: 01:10:53

Health: -14/105    AC: 39    Str: 21    XL:     16   Next: 35%
Magic:  16/16      EV:  8    Int: 14    God:    Makhleb [******]
Gold:   2250       SH: 16    Dex: 12    Spells: 2 memorised, 9 levels left

rFire  + . .     SeeInvis +     M - +9 morningstar
rCold  . . .     Gourm    +     d - +5 plate armour of Benevolence {rPois rF+ rN+}
rNeg   + + .     Faith    .     S - +2 shield
rPois  ∞         Spirit   .     m - +2 hat {SInv}
rElec  +         Reflect  .     C - +1 cloak
rCorr  .         Harm     .     k - +0 pair of gloves
MR     ++...                    w - +0 pair of boots
Stlth  ..........               t - amulet of the gourmand
                                B - ring of stealth
                                h - ring of protection from magic

@: flying
A: big wings, clever 1, negative energy resistance 1, electricity resistance,
unbreathing, petrification resistance, rot immunity, AC +11
a: Stop Flying, Minor Destruction, Lesser Servant of Makhleb, Major Destruction,
Greater Servant of Makhleb, Renounce Religion


You were on level 2 of the Orcish Mines.
You worshipped Makhleb.
Makhleb was exalted by your worship.
You were completely stuffed.

You visited 4 branches of the dungeon, and saw 24 of its levels.
You also visited: Ice Cave and Volcano.

You collected 2407 gold pieces.
You spent 157 gold pieces at shops.

Inventory:

Hand Weapons
 M - a +9 morningstar (weapon)
Armour
 d - the +5 plate armour of Benevolence (worn) {rPois rF+ rN+}
   (You found it on level 2 of the Lair of Beasts)

   It protects you from fire.
   It protects you from poison.
   It protects you from negative energy.
 k - a +0 pair of gloves (worn)
 m - a +2 hat of see invisible (worn)
 w - a +0 pair of boots (worn)
 C - a +1 cloak (worn)
 S - a +2 shield (worn)
Jewellery
 h - a ring of protection from magic (left hand)
 t - an amulet of the gourmand (around neck)
 B - a ring of stealth (right hand)
Scrolls
 a - 3 scrolls of identify
 l - 2 scrolls of amnesia
 o - 3 scrolls of recharging
 r - 12 scrolls of remove curse
 s - 2 scrolls of magic mapping
 x - a scroll of enchant weapon
 y - 4 scrolls of blinking
 z - 5 scrolls of teleportation
 E - a scroll of summoning
 L - 2 scrolls of fog
 Q - a scroll of fear
Potions
 e - 2 potions of haste
 q - 5 potions of resistance
 u - 3 potions of invisibility
 v - a potion of cure mutation
 D - 2 potions of brilliance
 J - 4 potions of curing
 N - a potion of cancellation
 O - a potion of might
 R - a potion of agility
Books
 F - a book of Ice

   Spells                             Type                      Level
   a - Ice Form                       Ice/Transmutation            4
   b - Metabolic Englaciation         Hexes/Ice                    5
   c - Ozocubu's Refrigeration        Ice                          6
   d - Bolt of Cold                   Conjuration/Ice              6
   e - Freezing Cloud                 Conjuration/Ice/Air          6
   f - Simulacrum                     Ice/Necromancy               6
 H - a book of Frost

   Spells                             Type                      Level
   a - Freeze                         Ice                          1
   b - Throw Frost                    Conjuration/Ice              2
   c - Ozocubu's Armour               Charms/Ice                   3
   d - Throw Icicle                   Conjuration/Ice              4
   e - Summon Ice Beast               Ice/Summoning                4
 K - a book of Minor Magic

   Spells                             Type                      Level
   a - Magic Dart                     Conjuration                  1
   b - Blink                          Translocation                2
   c - Call Imp                       Summoning                    2
   d - Repel Missiles                 Charms/Air                   2
   e - Slow                           Hexes                        2
   f - Conjure Flame                  Conjuration/Fire             3
   g - Mephitic Cloud                 Conjuration/Poison/Air       3
Comestibles
 b - 19 chunks of flesh
 f - 17 bread rations
 i - 13 meat rations
 n - 10 beef jerkies
 p - 4 slices of pizza
 G - a royal jelly
 I - 38 fruits


   Skills:
 * Level 13.8 Fighting
 * Level 16.1 Maces & Flails
 * Level 12.6 Armour
 - Level 2.5 Dodging
 - Level 2.7 Stealth
 * Level 17.0 Shields
 + Level 0.5 Spellcasting
 + Level 0.2 Conjurations
 + Level 0.2 Ice Magic


You had 9 spell levels left.
You knew the following spells:

 Your Spells              Type           Power        Failure   Level  Hunger
a - Magic Dart            Conj           #...         100%        1    ##.....
b - Bolt of Cold          Conj/Ice       #.........   100%        6    #######


Dungeon Overview and Level Annotations

Branches:
Dungeon (15/15)            Temple (1/1) D:6            Lair (6/6) D:8
 Shoals (0/4) Lair:2        Snake (0/4) Lair:2        Slime (0/5) Lair:5
    Orc (2/2) D:9          Vaults (0/5) D:14         Depths (0/5) D:15
    Elf: Orc:2

Altars:
Ashenzari
Cheibriados
Dithmenos
Elyvilon
Fedhas
Gozag
Hepliaklqana
Kikubaaqudgha
Makhleb
Nemelex Xobeh
Okawaru
Qazlal
Ru
Sif Muna
Trog
Uskayaw
Vehumet
Xom
Yredelemnul
Zin
The Shining One
Beogh

Shops:
D:4 (   D:5 *   D:8 ([[*

Portals:
Trove: D:13 (give 8 potions of agility)

Annotations:
Lair:1 exclusion: oklob plant


Innate Abilities, Weirdness & Mutations

You are resistant to torment.
Your stone body is resilient. (AC +11)
You are immune to poison.
Your large and strong wings let you fly indefinitely.
You resist negative energy. (rN+)
You are resistant to electric shocks. (rElec)
You can survive without breathing.
You are immune to petrification.
You are immune to rotting.
Your mind is acute. (Int +2)


Message History

An orc wizard comes into view. It is wielding a dagger of speed.
The orc wizard shouts!
An orc wizard comes into view. It is wielding a dagger.
The orc wizard shouts!
An orc warrior comes into view. It is wielding a long sword.
The orc warrior shouts!
An orc warrior comes into view. It is wielding a trident.
The orc warrior shouts!
The orc knight shouts!
An orc warrior comes into view. It is wielding a trident.
The orc warrior shouts!
An orc wizard comes into view. It is wielding a dagger.
The orc wizard shouts!
An orc comes into view. It is wielding a club.
The orc shouts!
The orc wizard points at you and mumbles some strange words.
The magic dart hits you! The orc wizard barely misses you.
You block the orc warrior's attack.
The orc priest invokes the aid of Beogh against you.
Beogh smites you!
You die...

#### ... ##.#. #.. o
#.... .....# #... ..
#.... .....#
####...#######... #.##.
.....#......o.......oo.#
#.#.#
.....#o.....o..........#
#....
.....ooo........oo.....#
#...#
..O.oo.ooo.o....@o..o...
#.#.#
.43o3ooo.o......o⌠......
##...
.oooooooooo3............
#....
.o.4o4o3oo.o...........#
##...
...oo#5o.o.o...........#
#... $....#
.oo.............# ##...
.....# ###...#######...
#.... .....# #o.. .o.
#.... .....# #....


You could see an orc knight, an orc high priest (wandering), a ynoxinul, 2 orc
sorcerers, 6 orc warriors, 2 orc priests, 5 orc wizards and 5 orcs.

Vanquished Creatures
  Frances (D:13)
  Azrael (D:15)
  Josephine (D:13)
  The ghost of amijlee the Grappler, a journeyman TrMo of Jiyva (Lair:5)
  A yaktaur captain (D:15)
  8 hydras
  A vault guard (D:14)
  A catoblepas (D:15)
  A death knight (D:13)
  6 centaur warriors
  Erica (D:9)
  5 tengu warriors
  9 death yaks (Lair:4)
  Nergalle (Lair:2)
  7 unseen horrors
  5 hill giants
  An orc knight (Orc:1)
  A necromancer (IceCv)
  A wolf spider zombie (D:15)
  6 manticores
  13 ugly things
  3 cyclopes
  An orc sorcerer (Orc:2)
  An ice statue (IceCv)
  2 sirens (Lair:2)
  3 black mambas
  4 elephants (Lair:3)
  4 molten gargoyles (Volcano)
  26 spiny frogs
  2 efreet
  3 rime drakes
  5 komodo dragons
  11 freezing wraiths
  A yaktaur (D:15)
  A yaktaur (shapeshifter) (D:13)
  2 ice devils (Orc:1)
  A wolf spider simulacrum (IceCv)
  2 tengu conjurers
  9 trolls
  A polar bear (Lair:5)
  A hornet (D:15)
  5 tyrant leeches (Lair:6)
  Grinder (D:6)
  3 two-headed ogres
  3 slime creatures (D:14)
  Prince Ribbit (D:6)
  6 dream sheep (Lair:5)
  22 blink frogs
  8 hippogriffs
  A snapping turtle (Lair:2)
  A harpy skeleton (D:15)
  Sigmund (D:6)
  5 shadows
  3 wyverns
  7 wraiths (D:13)
  3 fire bats (Lair:4)
  44 yaks
  5 fire elementals
  3 basilisks
  4 vampire mosquitoes (Lair:6)
  A death yak simulacrum (IceCv)
  A mottled dragon (D:15)
  6 nagas (Lair:2)
  4 hell hounds (D:15)
  4 water moccasins
  A soldier ant (D:13)
  9 porcupines
  2 black bears
  2 eyes of draining
  11 ice beasts
  24 orc warriors
  3 sky beasts
  10 ogres
  3 phantoms
  16 centaurs
  3 boggarts (D:14)
  8 wolves
  14 crocodiles
  A gnoll sergeant (D:8)
  30 bullfrogs
  A wyvern skeleton (D:8)
  A water moccasin skeleton (D:9)
  8 scorpions
  9 wights
  27 killer bees
  An elephant simulacrum (IceCv)
  3 electric eels (Lair:6)
  8 howler monkeys
  4 centaur zombies
  A quasit (D:11)
  3 crimson imps
  6 draconian simulacra (IceCv)
  15 orc priests
  A bullfrog zombie (D:12)
  2 hounds
  6 jellies
  12 orc wizards
  3 bullfrog skeletons
  3 centaur skeletons
  5 iguanas
  Ijyb (D:2)
  9 worker ants
  Terence (D:2)
  2 spriggan simulacra (IceCv)
  7 troll simulacra (IceCv)
  A wolf simulacrum (IceCv)
  2 centaur simulacra (IceCv)
  A hound skeleton (D:5)
  Robin (D:2)
  A worker ant zombie (D:5)
  6 gnolls
  14 adders
  A naga simulacrum (IceCv)
  2 ogre simulacra (IceCv)
  4 shadow imps
  12 white imps (IceCv)
  3 oozes
  2 adder zombies
  5 worms
  A dart slug (D:3)
  A leopard gecko (D:8)
  53 orcs
  8 giant cockroaches
  9 hobgoblins
  19 jackals
  7 kobolds
  8 quokkas
  2 ball pythons
  8 bats
  6 frilled lizards
  10 goblins
  A leopard gecko zombie (D:5)
  11 rats
772 creatures vanquished.

Vanquished Creatures (others)
  The ghost of Squip the Fighter, a journeyman HOCj of Qazlal (D:13)
  A death knight (D:11)
  An unseen horror (D:11)
  A spiny frog (Lair:6)
  A two-headed ogre (D:11)
  A crimson imp (D:11)
  A hound (D:11)
  A worker ant (D:11)
  A leopard gecko (D:11)
  An orc (D:11)
  A bush (Lair:6)
  5 fungi
  25 plants
41 creatures vanquished.

Grand Total: 813 creatures vanquished

Notes
Turn   | Place    | Note
-------+----------+-------------------------------------------
     0 | D:1      | JeffiDaFish the Gargoyle Fighter began the quest for the Orb.
     0 | D:1      | Reached XP level 1. HP: 14/14 MP: 1/1
    75 | D:1      | Reached XP level 2. HP: 13/19 MP: 2/2
   464 | D:1      | Reached XP level 3. HP: 22/23 MP: 3/3
   727 | D:1      | Gained mutation: You are clumsy. (Dex -2) [potion of mutation]
   727 | D:1      | Gained mutation: Your body sometimes deteriorates upon taking damage. [potion of mutation]
   727 | D:1      | Lost mutation: Your body sometimes deteriorates upon taking damage. [potion of mutation]
   766 | D:1      | Reached skill level 4 in Shields
   928 | D:2      | Noticed Ijyb
   946 | D:2      | Killed Ijyb
   946 | D:2      | Reached XP level 4. HP: 28/28 MP: 4/4
  1156 | D:2      | Found a shimmering altar of Xom.
  1156 | D:2      | Found a faded altar of an unknown god.
  1163 | D:2      | Noticed Robin
  1186 | D:2      | Killed Robin
  1195 | D:2      | Reached skill level 1 in Dodging
  1309 | D:2      | Found a faded altar of an unknown god.
  1311 | D:2      | Found a faded altar of an unknown god.
  1313 | D:2      | Found a basalt altar of Yredelemnul.
  1636 | D:2      | Noticed Terence
  1639 | D:2      | Reached XP level 5. HP: 32/32 MP: 5/5
  1653 | D:2      | Killed Terence
  2408 | D:3      | Lost mutation: You are clumsy. (Dex -2) [potion of cure mutation]
  2682 | D:3      | Reached skill level 5 in Shields
  2741 | D:4      | Reached XP level 6. HP: 38/38 MP: 6/6
  2986 | D:4      | Found Kunuar's Antique Weapon Emporium.
  3395 | D:5      | Entered Level 5 of the Dungeon
  3602 | D:5      | Noticed a phantom
  3617 | D:5      | Killed a phantom
  3617 | D:5      | Reached skill level 5 in Maces & Flails
  3617 | D:5      | Reached XP level 7. HP: 37/43 MP: 7/7
  3916 | D:5      | Found Gaopt's Serpentskin Sales.
  4217 | D:6      | Found a blossoming altar of Fedhas.
  4220 | D:6      | Noticed Grinder
  4247 | D:6      | Killed Grinder
  4247 | D:6      | Reached skill level 6 in Shields
  4247 | D:6      | Reached XP level 8. HP: 44/48 MP: 8/8
  4263 | D:6      | Noticed Prince Ribbit
  4275 | D:6      | Killed Prince Ribbit
  4275 | D:6      | Reached skill level 5 in Fighting
  4275 | D:6      | Reached skill level 5 in Armour
  4291 | D:6      | Found a staircase to the Ecumenical Temple.
  4298 | Temple   | Entered the Ecumenical Temple
  4375 | D:6      | Noticed Sigmund
  4382 | D:6      | Killed Sigmund
  4507 | D:6      | Found a glowing silver altar of Zin.
  4958 | D:7      | Found a radiant altar of Vehumet.
  4978 | D:7      | Noticed a hippogriff
  4988 | D:7      | Killed a hippogriff
  4988 | D:7      | Reached skill level 7 in Shields
  4988 | D:7      | Reached XP level 9. HP: 49/54 MP: 9/9
  4995 | D:7      | Got a jewelled flail
  4996 | D:7      | Identified the +1 flail of Ceputie {flame, Str+3} (You found it on level 7 of the Dungeon)
  6009 | D:8      | Found a glowing golden altar of the Shining One.
  6083 | D:8      | Reached skill level 8 in Shields
  6130 | D:8      | Found Icyhuipn's Weapon Emporium.
  6312 | D:8      | Found Afevvy Imiom's Antique Armour Shop.
  6313 | D:8      | Found a staircase to the Lair.
  6316 | D:8      | Bought a cloak for 157 gold pieces
  6335 | D:8      | Found a burning altar of Makhleb.
  6343 | D:8      | Became a worshipper of Makhleb the Destroyer
  6393 | D:8      | Found Xaluz's Assorted Antiques.
  6906 | D:8      | Found Tiplomash's Armour Shoppe.
  7027 | Lair:1   | Entered Level 1 of the Lair of Beasts
  7044 | Lair:1   | Noticed an oklob plant
  7072 | Lair:1   | Noticed a rime drake
  7087 | Lair:1   | Killed a rime drake
  7087 | Lair:1   | Reached skill level 1 in Stealth
  7087 | Lair:1   | Reached XP level 10. HP: 27/60 MP: 10/10
  7310 | Lair:1   | Noticed a six-headed hydra
  7319 | Lair:1   | Killed a six-headed hydra
  7319 | Lair:1   | Reached skill level 9 in Shields
  7603 | Lair:1   | Noticed a black mamba
  7605 | Lair:1   | Noticed a spiny frog
  7625 | Lair:1   | Killed a black mamba
  7625 | Lair:1   | Reached skill level 10 in Maces & Flails
  7629 | Lair:1   | Killed a spiny frog
  7824 | Lair:1   | Noticed a spiny frog
  7833 | Lair:1   | Killed a spiny frog
  7881 | Lair:1   | Noticed a spiny frog
  7889 | Lair:1   | Killed a spiny frog
  7939 | Lair:1   | Noticed a spiny frog
  7942 | Lair:1   | Killed a spiny frog
  7942 | Lair:1   | Reached skill level 10 in Shields
  8221 | Lair:1   | Reached XP level 11. HP: 60/67 MP: 11/11
  8727 | Lair:2   | Reached * piety under Makhleb
  8915 | Lair:2   | Noticed Nergalle
  8933 | Lair:2   | Killed Nergalle
  8933 | Lair:2   | Reached skill level 11 in Shields
  9246 | Lair:2   | Noticed a seven-headed hydra
  9258 | Lair:2   | Killed a seven-headed hydra
  9443 | Lair:2   | Found a staircase to the Snake Pit.
  9671 | Lair:2   | Reached XP level 12. HP: 57/75 MP: 12/12
  9776 | Lair:2   | Identified the +5 plate armour of Benevolence {rPois rF+ rN+} (You found it on level 2 of the Lair of Beasts)
  9830 | Lair:2   | Found a staircase to the Shoals.
 10463 | Lair:3   | Reached skill level 12 in Shields
 10647 | Lair:3   | Reached ** piety under Makhleb
 11082 | Lair:4   | Noticed a death yak
 11083 | Lair:4   | Noticed a death yak
 11090 | Lair:4   | Noticed a death yak
 11109 | Lair:4   | Killed a death yak
 11127 | Lair:4   | Killed a death yak
 11145 | Lair:4   | Killed a death yak
 11387 | Lair:4   | Noticed a death yak
 11400 | Lair:4   | Killed a death yak
 11424 | Lair:4   | Reached XP level 13. HP: 81/81 MP: 13/13
 11522 | Lair:4   | Reached skill level 10 in Fighting
 11522 | Lair:4   | Reached skill level 10 in Armour
 11524 | Lair:4   | Found a dark tunnel.
 11535 | Volcano  | Entered a volcano
 11921 | Lair:4   | Reached *** piety under Makhleb
 12233 | Lair:5   | Reached skill level 13 in Shields
 12310 | Lair:5   | Found a staircase to the Slime Pits.
 12343 | Lair:5   | Noticed amijlee's ghost (journeyman TrMo)
 12358 | Lair:5   | Killed amijlee's ghost
 13104 | Lair:6   | Entered Level 6 of the Lair of Beasts
 13153 | Lair:6   | Reached **** piety under Makhleb
 13201 | Lair:6   | Gained mutation: Your large and strong wings let you fly indefinitely. [Gargoyle growth]
 13201 | Lair:6   | Reached XP level 14. HP: 56/90 MP: 14/14
 13330 | Lair:6   | Reached skill level 14 in Shields
 13373 | Lair:6   | Identified the cursed +2 falchion of Strategic Superiority {freeze, +Rage rElec Dex+3} (You found it on level 6 of the Lair of Beasts)
 13627 | Lair:6   | Identified the +4 spear of Hacking and Slashing {holy, Int+3 Dex+3} (You found it on level 6 of the Lair of Beasts)
 14394 | D:9      | Noticed Erica
 14413 | D:9      | Killed Erica
 14422 | D:9      | Reached ***** piety under Makhleb
 14591 | D:9      | Found a roughly hewn altar of Beogh.
 14640 | D:9      | Found a staircase to the Orcish Mines.
 14946 | D:10     | Entered Level 10 of the Dungeon
 16286 | D:11     | Found a shimmering altar of Xom.
 17058 | D:12     | Reached skill level 15 in Shields
 17154 | D:12     | Reached ****** piety under Makhleb
 17774 | D:13     | Noticed Squip's ghost (journeyman HOCj)
 17793 | D:13     | Killed Squip's ghost
 17793 | D:13     | Reached XP level 15. HP: 97/97 MP: 15/15
 17826 | D:13     | Noticed Josephine
 17860 | D:13     | Killed Josephine
 17888 | D:13     | Reached skill level 15 in Maces & Flails
 18426 | D:13     | Gained mutation: Your mind is acute. (Int +2) [potion of beneficial mutation]
 18427 | D:13     | Found a portal to a secret trove of treasure.
 18551 | D:13     | Noticed Frances
 18592 | D:13     | Killed Frances
 19078 | D:14     | Reached skill level 16 in Shields
 19421 | D:14     | Found a gate to the Vaults.
 20002 | D:14     | Found a shimmering altar of Xom.
 20171 | D:15     | Entered Level 15 of the Dungeon
 20429 | D:15     | Noticed Azrael
 20461 | D:15     | Killed Azrael
 20633 | D:15     | Reached XP level 16. HP: 104/104 MP: 16/16
 20780 | D:15     | Found a glowing silver altar of Zin.
 21091 | D:15     | Found a staircase to the Depths.
 21181 | D:15     | Learned a level 1 spell: Magic Dart
 21442 | Orc:1    | Entered Level 1 of the Orcish Mines
 21947 | Orc:1    | Found a frozen archway.
 21971 | IceCv    | Entered an ice cave
 22240 | IceCv    | Found an ancient bone altar of Kikubaaqudgha.
 22386 | IceCv    | Reached skill level 17 in Shields
 22466 | IceCv    | Learned a level 6 spell: Bolt of Cold
 23141 | Orc:2    | Entered Level 2 of the Orcish Mines
 23424 | Orc:2    | HP: 3/105 [ice devil[an orc high priest] (17)]
 23425 | Orc:2    | Killed from afar by an orc priest

Skill      XL: |  1  2  3  4  5  6  7  8  9 10 11 12 13 14 15 16 |
---------------+-------------------------------------------------+-----
Shields        | 4 5 6 7 8 10 11 12 13 15 16 17 | 17.0
Dodging        | 1 2 |  2.5
Maces & Flails | 3 5 6 8 9 10 11 13 14 15 16 | 16.1
Armour         | 4 5 6 7 8 9 10 11 12 | 12.6
Fighting       | 4 5 6 7 8 9 11 12 13 | 13.8
Stealth        | 1 2 |  2.7
Spellcasting   | |  0.5
Conjurations   | |  0.2
Ice Magic      | |  0.2

Action                   |  1- 3 |  4- 6 |  7- 9 | 10-12 | 13-15 | 16-18 || total
-------------------------+-------+-------+-------+-------+-------+-------++-------
Melee: Flail             |   172 |   236 |   273 |   645 |  1744 |       ||  3070
       Morningstar       |       |       |       |       |   259 |   394 ||   653
 Abil: Fly               |       |       |       |       |     1 |       ||     1
  Use: Potion            |     2 |     5 |     5 |     2 |     5 |     4 ||    23
       Scroll            |     3 |     4 |     3 |     3 |    10 |     4 ||    27
  Eat: Chunk             |     1 |    18 |    12 |    15 |    32 |    10 ||    88
Armor: Scale mail        |   109 |       |       |       |       |       ||   109
       Plate armour      |   113 |   124 |   174 |   450 |  1489 |   196 ||  2546
Dodge: Dodged            |   100 |    34 |    45 |   148 |   509 |    68 ||   904
Block: Shield            |   148 |   115 |   163 |   401 |  1454 |   314 ||  2595
